 Dungeon Crawl Stone Soup version 0.22-a0-858-g985ef60 (webtiles) character file.

359 Amnesiac the Vexing (level 6, -5/41 HPs)
             Began as a Mummy Enchanter on July 27, 2018.
             Killed from afar by an orc wizard (10 damage)
             ... with a magic dart
             ... on level 4 of the Dungeon.
             The game lasted 00:11:04 (3429 turns).

Amnesiac the Vexing (Mummy Enchanter)               Turns: 3429, Time: 00:11:05

Health: -5/41      AC:  3    Str: 11    XL:     6   Next: 37%
Magic:  3/12       EV: 15    Int: 16    God:
Gold:   139        SH:  0    Dex: 13    Spells: 5/14 levels left

rFire    x . .     SeeInvis .   h - +0 dagger (distort)
rCold    + . .     Gourm    .   (no shield)
rNeg     + + +     Faith    .   b - +0 robe
rPois    ∞         Spirit   .   d - +0 helmet
rElec    .         Reflect  .   (no cloak)
rCorr    .         Harm     .   (no gloves)
MR       .....                  (no boots)
Stlth    ++........             (no amulet)
HPRegen  0.13/turn              c - +3 ring of evasion
MPRegen  0.13/turn              (no ring)

@: very slightly contaminated
A: no food or potions, fire vulnerability, cold resistance 1, negative energy
resistance 3, torment resistance, unbreathing
a: no special abilities


You were on level 4 of the Dungeon.
You were not hungry.

You visited 1 branch of the dungeon, and saw 4 of its levels.

You collected 139 gold pieces.

Inventory:

Hand Weapons
 a - a +1 dagger
 h - a +0 dagger of distortion (weapon)
Armour
 b - a +0 robe (worn)
 d - a +0 helmet (worn)
 m - a cursed +0 ring mail
Jewellery
 c - a +3 ring of evasion (left hand)
Wands
 l - a wand of acid (9)
 o - a wand of enslavement (15)
Scrolls
 e - a scroll of fear {!r, unknown}
 f - 2 scrolls of teleportation {!r}
 g - a scroll of magic mapping {!r}
 i - 2 scrolls of fog {!r, unknown}
 j - 3 scrolls of remove curse {!r, unknown}
 k - 3 scrolls of identify {!r}
 n - a scroll of enchant weapon {!r, unknown}


   Skills:
 * Level 3.0 Short Blades
 - Level 1.5 Dodging
 - Level 3.0 Stealth
 - Level 4.5 Spellcasting
 + Level 4.5 Hexes


You had 5 spell levels left.
You knew the following spells:

 Your Spells              Type           Power        Failure   Level  Hunger
a - Ensorcelled Hibernat  Hex/Ice        ##....       10%         2    N/A
b - Corona                Hex            ###....      2%          1    N/A
e - Confuse               Hex            ###.....     8%          3    N/A
w - Tukima's Dance        Hex            ###.....     8%          3    N/A

Your spell library contained the following spells:

 Spells                   Type           Power        Failure   Level  Hunger
 Dazzling Spray           Conj/Hex       ##....       19%         3    N/A

Dungeon Overview and Level Annotations

Branches:
Dungeon (4/15)
 Temple: D:4-7

Altars:
Ashenzari
Cheibriados
Hepliaklqana
Makhleb
Qazlal
Ru
Sif Muna


Innate Abilities, Weirdness & Mutations

You do not eat or drink.
Your flesh is vulnerable to fire.
You are immune to poison.
Your flesh is cold resistant. (rC+)
You are immune to negative energy. (rN+++)
You are immune to unholy pain and torment.
You can survive without breathing.


Message History

Training target 3.0 for Short Blades reached!
Your Short Blades skill increases to level 3!
You need to enable at least one skill for training.
Unknown command.
An orc and an orc wizard come into view.
You hear the slow hiss of a very distant avalanche of sand.
The orc wizard shouts!
The orc shouts!
The orc priest shouts!
The orc hits you with a hand axe. The orc priest hits you.
Things that are here:
a dagger; a robe
Casting: Ensorcelled Hibernation (safe; 10% risk of failure)
Confirm with . or Enter, or press ? or * to list all spells.
Aiming: Confuse (safe; 8% risk of failure)
Press: ? - help, Shift-Dir - straight line, f - orc priest
Aim: an orc priest, wearing a leather armour (chance to defeat MR: 49%)
You miscast Confuse.
You are very lightly contaminated with residual magic.
You feel off-balance for a moment. The orc priest barely misses you.
Casting: Confuse (safe; 8% risk of failure)
Confirm with . or Enter, or press ? or * to list all spells.
Aiming: Confuse (safe; 8% risk of failure)
Press: ? - help, Shift-Dir - straight line, f/p - orc priest
Aim: an orc priest, wearing a leather armour (chance to defeat MR: 49%)
The orc priest resists with some effort.
The orc priest closely misses you.
Casting: Confuse (safe; 8% risk of failure)
Confirm with . or Enter, or press ? or * to list all spells.
Aiming: Confuse (safe; 8% risk of failure)
Press: ? - help, Shift-Dir - straight line, f/p - orc priest
Aim: an orc priest, wearing a leather armour (chance to defeat MR: 49%)
You miscast Confuse.
You hear an indistinct dissonance whispering inside your mind.
The orc wizard mumbles some strange words.
The orc wizard seems to speed up.
The orc priest completely misses you.
You closely miss the orc priest. The orc wizard hits you with a dagger.
The orc priest hits you.
You barely miss the orc priest. The orc wizard barely misses you.
You hit the orc priest but do no damage.
Space bends around the orc priest.
The orc priest is moderately wounded.
The orc wizard hits you but does no damage.
The orc priest calls down the wrath of Beogh upon you.
Beogh smites you!
* * * LOW HITPOINT WARNING * * *
The orc wizard hits you with a dagger.
* * * LOW HITPOINT WARNING * * *
You barely miss the orc priest.
The orc priest is moderately wounded.
The orc priest barely misses you.
The orc wizard points at you and mumbles some strange words.
The puff of frost hits you! You resist.
* * * LOW HITPOINT WARNING * * *
You hit the orc priest but do no damage.
Space bends around the orc priest.
The orc priest is heavily wounded.
The orc wizard hits you with a dagger.
* * * LOW HITPOINT WARNING * * *
The orc priest looks satisfied for a moment.
Okay, then.
You closely miss the orc priest.
The orc priest is heavily wounded.
The orc wizard casts a spell at you. The magic dart hits you!
You die...

#..........>#
#.........###
#.........#
##.###...##
#.# #......
#.# #....##
#.###....#
#...#....#
###@#....#
.....ooo#
#########


You could see an orc priest, an orc wizard and an orc.

Vanquished Creatures
  2 orc priests (D:3)
  3 orc wizards
  Ijyb (D:3)
  7 adders
  An ooze (D:2)
  4 worms (D:2)
  3 dart slugs (D:1)
  2 leopard geckos
  8 orcs
  12 bats
  4 giant cockroaches
  10 goblins
  6 hobgoblins
  6 jackals
  A ball python (D:1)
  4 frilled lizards
  7 kobolds
  7 rats
88 creatures vanquished.

Vanquished Creatures (collateral kills)
  An orc (D:3)
  A kobold (D:2)
2 creatures vanquished.

Vanquished Creatures (others)
  A dancing weapon (D:3)
  An orc priest (D:3)
  An orc (D:3)
  A rat (D:3)
4 creatures vanquished.

Grand Total: 94 creatures vanquished

Notes
Turn   | Place    | Note
-------+----------+-------------------------------------------
     0 | D:1      | Amnesiac the Mummy Enchanter began the quest for the Orb.
     0 | D:1      | Reached XP level 1. HP: 13/13 MP: 4/4
    80 | D:1      | Reached skill level 1 in Short Blades
   164 | D:1      | Reached XP level 2. HP: 18/19 MP: 3/5
   927 | D:1      | Reached XP level 3. HP: 18/24 MP: 5/7
   947 | D:1      | Learned a level 3 spell: Confuse
   951 | D:1      | Learned a level 3 spell: Tukima's Dance
  1793 | D:2      | Reached XP level 4. HP: 30/30 MP: 9/9
  1840 | D:2      | Learned a level 2 spell: Ensorcelled Hibernation
  2013 | D:2      | Found a shattered altar of Ashenzari.
  2020 | D:2      | Found a stormy altar of Qazlal.
  2030 | D:2      | Found a hazy altar of Hepliaklqana.
  2030 | D:2      | Found a deep blue altar of Sif Muna.
  2036 | D:2      | Found a burning altar of Makhleb.
  2040 | D:2      | Found a sacrificial altar of Ru.
  2415 | D:3      | Reached XP level 5. HP: 30/35 MP: 0/10
  2812 | D:3      | Noticed Ijyb
  2871 | D:3      | Killed Ijyb
  3025 | D:3      | Reached XP level 6. HP: 35/41 MP: 7/12
  3186 | D:3      | Found a snail-covered altar of Cheibriados.
  3429 | D:4      | Killed from afar by an orc wizard

Vault maps used:
D:1:      onia_arrival_larder
D:2:      minitemple, first_ration
D:3:      cheibriados_altar_1, serial_corexii_hall, corexii_hall_statues_i,
          corexii_hall_statues_t, uniq_ijyb
D:4:      serial_shops, shop, nicolae_ossuary_entry_plus,
          uniq_crazy_yiuf_cottage

Skill      XL: |  1  2  3  4  5  6 |
---------------+-------------------+-----
Short Blades   | 1 2 3 |  3.0
Hexes          | 3 4 |  4.5
Spellcasting   | 3 4 |  4.5
Stealth        | 3 |  3.0
Dodging        | |  1.5

Action                   |  1- 3 |  4- 6 || total
-------------------------+-------+-------++-------
Melee: Dagger            |   166 |   106 ||   272
 Cast: Corona            |    44 |       ||    44
       Confuse           |     4 |    14 ||    18
       Tukima's Dance    |     1 |     2 ||     3
       Ensorcelled Hiber |       |    30 ||    30
  Use: Scroll            |     2 |       ||     2
 Stab: Sleeping          |     4 |    20 ||    24
       Confused          |       |     1 ||     1
Armor: Robe              |    26 |     9 ||    35
Dodge: Dodged            |   156 |    64 ||   220

Table legend:
 A = Spawn XP
 B = Non-spawn XP
 C = Spawn XP percentage of total XP
 D = Spawn monster count
 E = Non-spawn monster count
 F = Spawn count percentage of total count
 G = Total turns spent on level
                    A         B        C        D         E        F      G
               +---------+---------+-------+---------+---------+-------+---------
         Total |       0 |     514 |   0.0 |       0 |      93 |   0.0 |  3429
               +---------+---------+-------+---------+---------+-------+---------
           D:1 |       0 |      46 |   0.0 |       0 |      25 |   0.0 |  1138
           D:2 |       0 |     100 |   0.0 |       0 |      29 |   0.0 |  1071
           D:3 |       0 |     266 |   0.0 |       0 |      33 |   0.0 |  1109
           D:4 |       0 |     102 |   0.0 |       0 |       6 |   0.0 |   111
               +---------+---------+-------+---------+---------+-------+---------
